 Dungeon Crawl Stone Soup version 0.31-a0-441-g867994ef1c (webtiles) character file.

Game seed: 3859524265901456649

318 Diovan321 the Covered (level 6, -23/38 HPs)
             Began as a Gargoyle Fighter on Aug 2, 2023.
             Was an Initiate of Nemelex Xobeh.
             Killed by an exploding Natasha (27 damage)
             ... ignited by their inner flame
             ... on level 3 of the Dungeon.
             The game lasted 00:24:02 (3349 turns).

Diovan321 the Covered (Gargoyle Fighter)            Turns: 3349, Time: 00:24:02

Health: -23/38     AC: 17    Str: 24 (26) XL:     6   Next: 45%
Magic:  6/6        EV:  6    Int:  6 (7)  God:    Nemelex Xobeh [......]
Gold:   182        SH:  4    Dex:  5 (8)  Spells: 5/5 levels left

rFire   x . .        e - +1 whip
rCold   + . .        c - +0 buckler
rNeg    + . .        i - +1 plate armour {rPois}
rPois   ∞            (no helmet)
rElec   +            (no cloak)
rCorr   .            (no gloves)
SInv    .            (no boots)
Will    .....        (no amulet) Stlth
                     j - ring of ice
HPRegen 0.26/turn    (no ring)
MPRegen 0.10/turn

%: no passive effects
@: no status effects
A: sickness immunity, AC +4, negative energy resistance 1, electricity
resistance, torment resistance 1, petrification resistance, strong 1
a: Renounce Religion, Draw Escape, Draw Destruction, Draw Summoning


You were on level 3 of the Dungeon.
You worshipped Nemelex Xobeh.
Nemelex Xobeh was noncommittal.
You visited 1 branch of the dungeon, and saw 3 of its levels.

You collected 182 gold pieces.

Inventory:

Hand Weapons
 a - a +0 flail
 d - a +0 scythe
 e - a +1 whip (weapon)
 g - a +1 spear of freezing
 h - a +0 whip
 k - a +0 whip
Armour
 b - a +0 scale mail
 c - a +0 buckler (worn)
 i - a +1 plate armour of poison resistance (worn)
Jewellery
 j - a ring of ice (left hand)
Wands
 l - a wand of digging (2)
Scrolls
 m - a scroll of identify
 p - a scroll of butterflies


   Skills:
 + Level 4.0 Fighting
 + Level 4.1 Maces & Flails
 + Level 5.3 Armour
 + Level 0.3 Dodging
 + Level 0.1 Stealth
 + Level 4.2 Shields


You had 5 spell levels left.
You didn't know any spells.
Your spell library contained the following spells:

 Spells                   Type           Power      Damage    Failure   Level
 Wereblood                Tmut           0%         N/A       100%        2
 Irradiate                Conj/Tmut      0%         3d11      100%        5


Dungeon Overview and Level Annotations

Branches:
Dungeon (3/15)

Altars:
Nemelex Xobeh

Shops:
D:2 *(:??


Innate Abilities, Weirdness & Mutations

You are immune to sickness and miasma.
Your stone body is resilient. (AC +4)
You are immune to poison.
You resist negative energy. (rN+)
You are resistant to electric shocks. (rElec)
You are resistant to unholy torment.
You are immune to petrification.
Your muscles are strong. (Str +4, Int/Dex -1)


Message History

The cerulean imp disappears in a puff of smoke!
You block Natasha's attack.
You barely miss Natasha.
Natasha is severely wounded.
Natasha claws you but does no damage.
As you read the scroll labelled RUOSHEON FYDAOPLUL, it crumbles to dust.
You hear the flapping of tiny wings.
Natasha is knocked back by the sudden gust.
It was a scroll of butterflies.
The air fills with toxic fumes!
As you read the scroll labelled UFUEDE NIWEMM, it crumbles to dust.
It was a scroll of poison.
Natasha barely misses you.
Your butterfly is engulfed in poison gas.
Your butterfly is poisoned.
You kill your butterfly!
Your butterfly disappears in a burst of colours!
As you read the scroll of immolation, it crumbles to dust.
The creatures around you are filled with an inner flame!
Your butterfly is engulfed in poison gas.
Your butterfly is poisoned.
Your butterfly disappears in a burst of colours!
Your butterfly explodes!
Your butterfly is engulfed in poison gas.
Your butterfly is poisoned.
You kill your butterfly!
Your butterfly disappears in a burst of colours!
Natasha claws you but does no damage.
You hit Natasha.
Flame seeps out of Natasha.
Natasha is severely wounded.
Natasha is engulfed in blazing flames.
Natasha screams in fury as she dies!
Natasha explodes!
The fiery explosion engulfs your butterfly!!
Your butterfly disappears in a burst of colours!
The fiery explosion engulfs your butterfly!!!
Your butterfly disappears in a burst of colours!
The fiery explosion engulfs you!! The fire burns you terribly!
Ouch! That really hurt!
You die...
Your body disappears without a glow.

#.#.. ... #.#.. .. #
#.#.# .#.# # #
#.#.###..§#.#. ###
#.#....###§§.###..
#.#..#.#=#.#§#$#.#
#.#....##.#.#b##.
....###).#.#.#.§###
#...#).)#.#.#.#○@b#
#.<.###..#.#.#§.###
..#....##.#.#.##.......
.....#.#)#.#b#.#.#.....
.......###§b.###.. ....
....###..§#.#...### ...
....###.#.#.#.#.# ..
.....##...###.. # .
####............


There were no monsters in sight!

Vanquished Creatures
  Sigmund (D:2)
  Natasha (twice) (D:3)
  An orc wizard (D:3)
  5 adders
  A worm (D:2)
  2 dart slugs (D:1)
  2 orcs (D:3)
  3 ball pythons
  7 bats
  6 endoplasms
  3 giant cockroaches
  6 goblins
  3 hobgoblins
  2 jackals (D:3)
  2 quokkas
  2 frilled lizards
  6 kobolds
  7 rats
61 creatures vanquished.

Notes
Turn   | Place    | Note
-------+----------+-------------------------------------------
     0 | D:1      | Diovan321 the Gargoyle Fighter began the quest for the Orb.
     0 | D:1      | Reached XP level 1. HP: 14/14 MP: 1/1
   336 | D:1      | Reached XP level 2. HP: 15/19 MP: 2/2
  1265 | D:1      | Reached XP level 3. HP: 23/23 MP: 3/3
  1270 | D:1      | Reached skill level 4 in Armour
  1401 | D:2      | Found Zubroppa's General Store.
  1507 | D:2      | Reached XP level 4. HP: 23/28 MP: 4/4
  1566 | D:2      | Found Fubb's Magic Scroll Boutique.
  1656 | D:2      | Found Beqesuic's Antique Weapon Shoppe.
  1798 | D:2      | Found Huyboroke's Magic Scroll Emporium.
  2318 | D:2      | Noticed Sigmund
  2347 | D:2      | Killed Sigmund
  2348 | D:2      | Reached XP level 5. HP: 30/33 MP: 5/5
  2348 | D:2      | Reached XP level 6. HP: 34/38 MP: 6/6
  2376 | D:2      | Found Bacoz's Book Boutique.
  2648 | D:3      | Found a sparkling altar of Nemelex Xobeh.
  2718 | D:3      | Became a worshipper of Nemelex Xobeh the Trickster
  2944 | D:3      | Reached skill level 5 in Armour
  3187 | D:3      | Noticed Natasha
  3212 | D:3      | Killed Natasha
  3313 | D:3      | Noticed Natasha
  3339 | D:3      | Gained mutation: Your muscles are strong. (Str +4, Int/Dex
                  | -1) [potion of mutation]
  3349 | D:3      | Killed Natasha
  3349 | D:3      | Killed by an exploding Natasha... ignited by their inner
                  | flame

Illustrated notes

Levels and vault maps discovered:
D:1:      nicolae_arrival_somewhat_less_tricky_arrival, layout_basic,
          minmay_crystal_water, minmay_tromino_mix6
D:2:      layout_basic, serial_shops, shop, nicolae_lakefront_shop, shop, shop,
          shop, uniq_sigmund
D:3:      layout_basic, lemuel_round_altar, minmay_starry_boxes, uniq_natasha

Skill      XL: |  1  2  3  4  5  6 |
---------------+-------------------+-----
Armour         | 4 5 |  5.3
Maces & Flails | 4 |  4.1
Shields        | 4 |  4.2
Fighting       | 4 |  4.0
Dodging        | |  0.3
Stealth        | |  0.1

Action                     |  1- 3 |  4- 6 || total
---------------------------+-------+-------++-------
  Melee: Flail             |     7 |       ||     7
         Whip              |   113 |   171 ||   284
    Use: Potion            |       |     8 ||     8
         Scroll            |       |     5 ||     5
 Armour: Scale mail        |    16 |       ||    16
         Plate armour      |    65 |   139 ||   204
  Dodge: Dodged            |    44 |    58 ||   102
  Block: Buckler           |    22 |    37 ||    59

Table legend: (Time is in decaauts)
 A = Elapsed time spent in this place.
 B = Non-inter-level travel time spent in this place.
 C = Inter-level travel time spent in this place.
 D = Time resting spent in this place.
 E = Time spent auto-exploring this place.
 F = Levels seen in this place.
 G = Mean time per level.
                   A        B        C        D        E       F      G
               +--------+--------+--------+--------+--------+-----+--------+
         Total |   3359 |   3359 |      0 |      0 |      0 |   3 | 1119.7 |
       Dungeon |   3359 |   3359 |      0 |      0 |      0 |   3 | 1119.7 |
               +--------+--------+--------+--------+--------+-----+--------+

Top non-repeatable levels by time:
     D:1: 1361 daAuts
     D:2: 1249 daAuts
     D:3: 748 daAuts
